Map: Old Estate

Players

Maelthor

  • Race: Terran Terran
  • Spawn Location: 3:00

Erfeyah

  • Race: Protoss Protoss
  • Spawn Location: 1:00

Iluvatar

  • Race: Terran Terran
  • Spawn Location: 3:00

athabstract

  • Race: Protoss Protoss
  • Spawn Location: 1:00

BAB - Winner!

  • Race: Protoss Protoss
  • League: Platinum
  • Spawn Location: 7:00

Miloux - Winner!

  • Race: Terran Terran
  • Spawn Location: 9:00

Gips - Winner!

  • Race: Protoss Protoss
  • Spawn Location: 7:00

Psykadelic - Winner!

  • Race: Zerg Zerg
  • League: Diamond
  • Spawn Location: 7:00

VOD

Have the link to the VOD?

Description

Time

  • Played on: Nov. 19, 2017, 3:44 p.m.
  • Length: 10:08
Show
View Real Time Build Order
Export as new Build Order

Maelthor Terran 

Build Orders:  

Get SALT Encoding   

  12  0:01  SCV  
  13  0:13  SCV  
  14  0:24  Supply Depot  
  14  0:25  SCV  
  15  0:46  SCV  
  15  0:47  Barracks  
  16  0:58  SCV  
  17  1:10  SCV  
  18  1:18  Command Center  
  18  1:24  SCV  
  19  1:48  Marine  
  19  1:51  Orbital Command  
  19  1:54  Refinery  
  20  1:56  Refinery  
  20  1:57  Supply Depot  
  20  2:30  Marine  
  20  2:31  SCV  
  20  2:32  Orbital Command  
  22  2:37  Refinery  
  22  2:43  SCV  
  22  2:55  SCV  
  23  3:02  SCV  
  23  3:03  Marine  
  25  3:07  SCV  
  25  3:10  Barracks  
  26  3:13  Barracks  
  26  3:16  SCV  
  26  3:19  SCV  
  28  3:25  Factory  
  28  3:28  SCV, Marine  
  28  3:31  SCV  
  31  3:38  Supply Depot  
  31  3:40  SCV  
  32  3:41  Engineering Bay  
  32  3:43  SCV  
  32  3:46  Marine  
  34  3:52  SCV  
  35  3:55  SCV  
  35  4:01  Barracks Tech Lab x2  
  36  4:04  SCV  
  36  4:08  SCV  
  38  4:16  SCV, Supply Depot  
  39  4:20  SCV  
  39  4:21  Missile Turret  
  37  4:26  Command Center  
  37  4:30  Marine x3  
  38  4:36  SCV  
  39  4:39  Missile Turret  
  39  4:40  SCV  
  40  4:48  Marine x2  
  40  4:51  Starport  
  40  4:52  Marine  
  36  5:04  SCV x2  
  38  5:15  Factory Reactor  
  38  5:16  SCV x2  
  38  5:17  Marine x2  
  43  5:28  SCV x2  
  44  5:36  Stimpack  
  44  5:39  Supply Depot, Terran Infantry Weapons Level 1  
  44  5:40  SCV x2, Missile Turret  
  44  5:42  Orbital Command  
  46  5:50  Refinery  
  46  5:52  SCV x2  
  48  5:57  Missile Turret  
  48  6:19  SCV x3, Missile Turret  
  48  6:24  Marauder x2, Missile Turret  
  55  6:31  SCV  
  57  6:32  SCV  
  57  6:33  SCV  
  57  6:39  Medivac x2  
  56  6:43  SCV, Marine  
  56  6:45  Missile Turret  
  56  6:46  Marauder x2  
  56  7:06  SCV x3  
  56  7:07  Marauder  
  59  7:09  Marine, Marauder  
  62  7:19  Barracks  
  62  7:22  SCV x3  
  65  7:27  Marine  
  65  7:28  Marauder  
  68  7:34  SCV x2  
  68  7:36  SCV, Missile Turret  
  71  7:38  Marauder  
  70  7:45  Marine  
  70  7:46  SCV x2  
  70  7:49  Marine  
  72  7:51  SCV  
  72  7:52  Missile Turret  
  72  7:54  Missile Turret  
  72  7:55  Missile Turret  
  72  7:57  Missile Turret  
  71  7:58  SCV  
  71  7:59  SCV  
  71  8:02  Marine  
  71  8:03  SCV, Marine  
  71  8:05  Factory Tech Lab  
  75  8:07  Marine, Barracks  
  75  8:11  SCV  
  75  8:12  Armory  
  77  8:19  Marine  
  77  8:20  Marine  
  79  8:31  Missile Turret  
  79  8:33  SCV x3  
  82  8:34  Marine, Missile Turret x3  
  82  8:37  Marine  
  82  8:38  Marine  
  83  8:45  SCV x2  
  85  8:59  Supply Depot  
  85  9:00  Supply Depot  
  85  9:01  Supply Depot  
  85  9:13  Supply Depot  
  85  9:15  Supply Depot  
  85  9:16  Supply Depot  
  85  9:23  SCV x3, Marine  
Show
View Real Time Build Order
Export as new Build Order

Erfeyah Protoss 

Build Orders:  

Get SALT Encoding   

  12  0:06  Probe  
  13  0:29  Pylon  
  13  0:47  Assimilator  
  13  0:53  Gateway  
  13  0:56  Gateway  
  13  1:14  Assimilator  
  13  1:26  Gateway  
  13  1:42  Pylon  
  13  1:44  Probe, Pylon  
  14  2:01  Probe  
  15  2:14  Zealot x2  
  15  2:15  Zealot  
  21  2:48  Zealot x2  
  21  2:49  Zealot  
  27  2:52  Probe  
  28  3:15  Pylon  
  28  3:18  Pylon  
  28  3:21  Probe  
  29  3:42  Probe  
  30  4:13  Cybernetics Core  
  30  4:26  Zealot x3  
  36  4:53  Zealot  
  36  4:55  Warp Gate (Chrono Boost)  
  38  5:33  Nexus  
  38  5:45  Gateway  
  38  5:47  Gateway  
  38  5:49  Gateway  
  38  5:50  Probe  
  38  5:52  Gateway  
  39  6:17  Pylon  
  39  6:28  Pylon  
  39  6:30  Pylon  
  39  6:33  Pylon  
  29  7:33  Stalker x3  
  35  7:47  Probe  
  34  7:59  Probe  
  34  8:03  Stalker x3  
  33  8:33  Stalker  
  35  8:38  Probe  
Show
View Real Time Build Order
Export as new Build Order

Iluvatar Terran 

Build Orders: MMM Bio 

Get SALT Encoding   

  12  0:05  SCV  
  13  0:17  SCV  
  14  0:29  SCV  
  14  0:33  Supply Depot  
  15  0:54  SCV  
  16  0:57  Barracks  
  16  1:06  SCV  
  17  1:35  Barracks  
  17  1:37  Barracks  
  17  1:49  SCV  
  18  1:56  Refinery  
  18  1:58  Refinery  
  18  2:07  SCV  
  19  2:09  Marine  
  20  2:23  SCV, Marine  
  20  2:24  Marine  
  23  2:38  Supply Depot  
  23  2:43  Orbital Command  
  23  2:48  Barracks Tech Lab  
  23  2:49  Barracks Tech Lab  
  23  2:56  Supply Depot  
  23  2:59  Marine  
  23  3:10  Marine  
  24  3:14  SCV  
  25  3:24  Stimpack  
  25  3:25  Marine  
  25  3:26  Command Center  
  26  3:28  Marine  
  27  3:36  SCV  
  27  3:37  Marine  
  29  3:42  Combat Shields, Refinery  
  29  3:45  Marine  
  29  3:46  Marine  
  32  3:48  SCV  
  32  3:58  Marauder  
  32  4:00  SCV  
  35  4:09  Factory  
  35  4:14  SCV  
  36  4:19  Marine  
  30  4:59  Marine x3  
  33  5:06  Factory Tech Lab  
  33  5:10  Starport  
  32  5:18  Marine  
  32  5:19  Marine  
  34  5:21  SCV  
  35  5:31  Marine  
  35  5:33  SCV  
  37  5:36  Marine  
  37  5:37  Marine  
  39  5:46  SCV, Armory  
  39  5:48  SCV  
  39  5:49  Marine  
  42  5:54  Marine  
  43  5:57  Medivac  
  43  5:58  SCV  
  46  6:10  SCV  
  47  6:13  Orbital Command  
  47  6:22  SCV  
  47  6:25  Marine x2  
  48  6:27  Medivac  
  49  6:34  SCV  
  45  7:14  Marine x2  
  46  7:16  Marine  
  47  7:24  Medivac  
  49  7:30  SCV x2  
  49  7:31  Marine  
  49  7:32  Marine  
  49  7:34  Marine  
  54  7:45  Supply Depot  
  54  8:06  SCV x2, Marine x3  
  53  8:18  SCV x2  
  42  8:24  Marine x3  
  44  8:31  SCV x2  
  46  8:41  Marine  
  46  8:42  Marine x2  
  46  8:43  SCV x2  
  49  8:55  SCV x2  
  50  9:01  Marine  
  52  9:06  Marine  
  51  9:35  SCV x2  
  44  9:39  Marine  
  44  9:40  Marine  
Show
View Real Time Build Order
Export as new Build Order

athabstract Protoss 

Build Orders:  

Get SALT Encoding   

  12  0:02  Probe  
  13  0:14  Probe  
  14  0:26  Pylon  
  14  0:27  Probe (Chrono Boost)  
  15  0:44  Probe  
  15  0:47  Gateway  
  17  0:57  Probe  
  17  1:05  Assimilator  
  17  1:09  Probe (Chrono Boost)  
  18  1:21  Assimilator  
  18  1:27  Gateway  
  18  1:36  Probe  
  19  1:47  Cybernetics Core  
  19  1:48  Probe  
  20  1:57  Zealot  
  20  2:00  Probe  
  23  2:19  Pylon  
  23  2:22  Pylon  
  23  2:24  Warp Gate  
  23  2:34  Robotics Facility  
  23  2:37  Probe (Chrono Boost), Zealot x2  
  28  2:49  Probe (Chrono Boost)  
  29  2:51  Probe  
  30  3:04  Probe, Stalker  
  27  3:05  Stalker  
  35  3:21  Forge  
  35  3:22  Twilight Council  
  35  3:36  Observer  
  36  3:45  Pylon  
  36  3:53  Nexus  
  36  3:58  Probe (Chrono Boost)  
  37  4:05  Stalker  
  40  4:11  Probe (Chrono Boost)  
  40  4:12  Stalker  
  42  4:32  Gateway  
  42  4:35  Blink  
  42  4:57  Probe (Chrono Boost)  
  44  5:09  Probe (Chrono Boost)  
  44  5:11  Probe  
  45  5:23  Probe  
  46  5:29  Protoss Ground Weapons Level 1  
  46  5:31  Observer  
  47  5:35  Probe  
  47  5:37  Stalker  
  47  5:38  Stalker  
  52  6:03  Robotics Facility  
  52  6:06  Pylon  
  52  6:09  Pylon, Stalker  
  54  6:11  Probe  
  54  6:12  Probe  
  56  6:24  Probe x2 (Chrono Boost)  
  58  6:31  Nexus  
  58  6:34  Assimilator  
  58  6:36  Probe (Chrono Boost)  
  58  6:38  Assimilator  
  58  6:39  Stalker x2  
  63  6:40  Stalker  
  63  6:45  Probe (Chrono Boost)  
  66  7:05  Immortal  
  70  7:14  Assimilator  
  70  7:17  Probe  
  70  7:18  Assimilator  
  71  7:31  Probe  
  71  7:32  Probe  
  73  7:43  Probe  
  73  7:44  Probe  
  75  7:54  Pylon  
  75  7:55  Gateway  
  75  7:56  Probe  
  75  7:57  Gateway  
  76  7:59  Gateway  
  76  8:00  Stalker x2  
  76  8:01  Stalker  
  76  8:02  Gateway  
  76  8:04  Gateway  
  82  8:41  Stalker x3  
  88  8:49  Immortal  
  88  8:53  Probe x3  
  95  9:05  Probe x3  
  98  9:17  Probe  
  99  9:25  Stalker  
  101  9:40  Pylon  
  101  9:42  Pylon  
  101  9:43  Pylon  
Show
View Real Time Build Order
Export as new Build Order

BAB Protoss - Winner!

Build Orders: Oracle Opening 

Get SALT Encoding   

  12  0:01  Probe  
  13  0:13  Probe  
  14  0:18  Pylon  
  14  0:25  Probe  
  15  0:37  Probe  
  15  0:41  Gateway  
  16  0:49  Probe  
  17  0:50  Assimilator  
  17  1:05  Probe  
  17  1:08  Assimilator  
  18  1:12  Pylon  
  18  1:17  Probe  
  19  1:29  Probe  
  20  1:34  Cybernetics Core  
  20  1:41  Probe  
  21  1:53  Probe  
  22  2:02  Pylon  
  22  2:05  Probe  
  23  2:17  Probe  
  24  2:28  Stargate  
  24  2:30  Stargate  
  24  2:35  Gateway  
  24  2:39  Shield Battery  
  24  2:43  Pylon  
  24  2:49  Warp Gate (Chrono Boost)  
  24  2:52  Stalker  
  24  2:56  Probe  
  27  3:08  Probe  
  28  3:18  Oracle (Chrono Boost)  
  31  3:27  Probe  
  32  3:39  Nexus  
  32  3:44  Probe  
  33  3:55  Oracle (Chrono Boost), Adept  
  38  4:04  Probe, Pylon  
  39  4:16  Probe  
  40  4:18  Pylon  
  40  4:39  Oracle  
  40  5:17  Oracle  
  40  5:23  Probe (Chrono Boost)  
  40  5:24  Probe (Chrono Boost)  
  42  5:34  Probe x2 (Chrono Boost), Assimilator  
  44  5:36  Probe  
  44  5:37  Probe  
  44  5:38  Pylon  
  44  5:39  Assimilator  
  44  5:40  Gateway  
  44  5:41  Pylon  
  44  5:42  Gateway  
  46  5:49  Probe  
  47  6:00  Phoenix  
  49  6:12  Stalker  
  49  6:16  Phoenix  
  53  6:25  Phoenix  
  55  6:41  Phoenix  
  57  7:23  Phoenix  
  57  7:26  Probe (Chrono Boost)  
  61  7:36  Probe (Chrono Boost)  
  62  7:38  Probe x2 (Chrono Boost)  
  62  7:40  Probe, Pylon  
  62  7:41  Pylon x2  
  62  7:44  Forge x2  
  64  7:46  Gateway  
  64  7:48  Gateway, Phoenix  
  64  7:49  Pylon  
  64  7:50  Probe  
  67  7:52  Probe  
  67  7:57  Stalker x2  
  72  8:02  Probe  
  72  8:04  Probe  
  74  8:06  Phoenix  
  76  8:13  Phoenix  
  76  8:14  Probe  
  76  8:15  Pylon  
  76  8:16  Adept  
  76  8:17  Adept  
  83  8:20  Nexus  
  83  8:21  Pylon  
  83  8:22  Pylon  
  83  8:25  Pylon  
  83  8:28  Pylon  
  83  8:31  Phoenix  
  85  8:38  Phoenix  
  85  8:56  Phoenix  
  85  8:59  Adept x4  
  95  9:03  Phoenix  
  97  9:20  Phoenix  
  99  9:28  Phoenix  
  84  9:44  Stalker x3  
  84  9:45  Stalker  
Show
View Real Time Build Order
Export as new Build Order

Miloux Terran - Winner!

Build Orders:  

Get SALT Encoding   

  12  0:01  SCV  
  13  0:13  SCV  
  14  0:19  Supply Depot  
  14  0:25  SCV  
  15  0:40  SCV  
  16  0:43  Barracks  
  16  0:45  Refinery  
  16  0:53  SCV  
  17  1:06  SCV  
  18  1:18  SCV  
  19  1:30  SCV  
  19  1:32  Reaper  
  21  1:42  SCV  
  21  1:45  Command Center  
  22  1:59  Supply Depot  
  22  2:01  Orbital Command  
  22  2:10  Factory  
  22  2:16  Marine  
  22  2:20  Refinery  
  23  2:25  Bunker  
  23  3:14  Barracks Reactor  
  23  3:15  Starport, Factory Tech Lab  
  23  3:16  Barracks  
  23  3:17  SCV  
  24  3:22  Orbital Command  
  24  3:29  SCV  
  25  3:37  Engineering Bay  
  25  3:41  SCV  
  25  3:45  Siege Tank  
  29  3:50  SCV  
  29  3:53  SCV  
  31  3:58  Starport Reactor  
  31  4:01  Marine  
  31  4:02  SCV, Marine  
  34  4:08  SCV  
  35  4:13  Missile Turret  
  35  4:17  SCV, Missile Turret  
  35  4:19  Barracks Tech Lab  
  35  4:20  SCV  
  35  4:21  Siege Tank  
  40  4:27  Marine  
  40  4:28  Marine  
  40  4:29  SCV  
  43  4:40  Medivac  
  43  4:43  Marine  
  46  4:49  Supply Depot  
  46  4:52  Supply Depot  
  46  4:56  SCV x2, Medivac, Marine x2  
  52  5:09  SCV  
  53  5:18  SCV  
  53  5:21  SCV  
  57  5:24  Supply Depot  
  57  5:25  Supply Depot  
  57  5:28  Command Center  
  57  5:31  Medivac  
  57  5:33  Medivac  
  59  5:35  Marine  
  59  5:36  Marine  
  59  5:37  Marine  
  59  5:38  SCV x2  
  64  5:51  SCV  
  64  5:53  Marine x2  
  64  5:54  SCV  
  68  6:01  Terran Infantry Weapons Level 1  
  68  6:02  Barracks  
  68  6:03  Stimpack  
  68  6:04  Barracks  
  68  6:08  Supply Depot  
  68  6:11  Supply Depot  
  68  6:13  SCV x2  
  70  6:19  Marine x2  
  70  6:24  Siege Tank  
  75  6:25  SCV  
  75  6:26  Marine  
  75  6:28  SCV  
  78  6:37  SCV  
  79  6:40  SCV  
  80  6:51  Barracks  
  80  6:52  Barracks  
  80  6:53  Supply Depot  
  80  6:54  Marine x3  
  81  6:55  Supply Depot  
  81  6:56  Barracks Tech Lab  
  81  6:57  Barracks Reactor  
  81  6:58  SCV  
  84  7:02  SCV  
  84  7:04  Armory, Orbital Command  
  85  7:10  SCV, Refinery  
  85  7:11  Marine, Refinery  
  85  7:14  SCV  
  88  7:15  Marine  
  88  7:16  Marauder  
  88  7:18  Medivac  
  88  7:22  SCV  
  94  7:24  Marine  
  94  7:26  SCV  
  96  7:32  SCV  
  96  7:34  SCV, Marine x2  
  100  7:38  SCV, Marauder  
  100  7:43  Marauder  
  100  7:44  SCV, Marine  
  106  7:45  Barracks Tech Lab  
  106  7:46  SCV  
  106  7:47  Barracks Reactor  
  106  7:48  Marine  
  106  7:50  SCV  
  110  7:56  SCV, Engineering Bay  
  111  7:59  Marauder  
  111  8:02  Marine x3  
  111  8:04  Marauder  
  118  8:05  Supply Depot x2  
  118  8:07  Marine  
  118  8:12  Barracks  
  119  8:15  SCV  
  119  8:17  Barracks  
  119  8:18  Medivac  
  119  8:19  Medivac  
  124  8:28  Marine x3  
  124  8:29  Marine x2, Marauder  
  124  8:31  SCV  
  124  8:33  Refinery x2  
  132  8:36  Missile Turret  
  132  8:39  Marauder  
  134  8:50  Marine  
  134  8:51  Marine x3, Marauder x2  
  134  8:53  Medivac  
  134  8:54  Medivac  
  146  9:16  Marine, Marauder  
  149  9:26  Marine  
  149  9:27  Marine  
  149  9:28  Marine x2  
  149  9:30  Medivac  
  149  9:35  Marauder  
  148  9:38  Marine  
  148  9:44  Barracks Tech Lab, Barracks Reactor  
  149  9:49  Supply Depot  
  149  9:51  Supply Depot  
Show
View Real Time Build Order
Export as new Build Order

Gips Protoss - Winner!

Build Orders: 1 Gate Expand, Double Forge, Blink Stalkers 

Get SALT Encoding   

  12  0:01  Probe  
  13  0:13  Probe  
  14  0:18  Pylon  
  14  0:25  Probe  
  15  0:37  Probe  
  15  0:39  Gateway  
  16  0:45  Assimilator  
  16  0:49  Probe  
  17  1:01  Probe  
  18  1:13  Probe  
  19  1:26  Nexus  
  19  1:37  Cybernetics Core  
  19  1:40  Probe (Chrono Boost)  
  21  1:49  Assimilator  
  21  1:50  Probe (Chrono Boost)  
  21  1:54  Probe  
  22  2:01  Pylon  
  22  2:06  Probe (Chrono Boost)  
  23  2:14  Warp Gate  
  23  2:19  Stalker  
  26  2:23  Probe (Chrono Boost)  
  26  2:26  Probe (Chrono Boost)  
  27  2:38  Robotics Facility  
  27  2:41  Probe (Chrono Boost)  
  27  2:42  Probe (Chrono Boost)  
  31  2:53  Probe x2 (Chrono Boost)  
  31  3:00  Probe (Chrono Boost)  
  32  3:08  Probe (Chrono Boost)  
  32  3:12  Probe (Chrono Boost), Twilight Council  
  34  3:19  Probe (Chrono Boost)  
  36  3:23  Probe x2 (Chrono Boost)  
  37  3:31  Probe  
  37  3:33  Probe, Observer  
  40  3:38  Gateway  
  40  3:41  Gateway  
  40  3:43  Probe  
  40  3:44  Pylon  
  40  3:45  Probe  
  42  3:49  Blink (Chrono Boost)  
  42  3:55  Probe  
  43  3:57  Probe  
  43  3:58  Assimilator  
  44  4:07  Probe  
  44  4:09  Probe  
  46  4:17  Forge  
  46  4:18  Forge  
  46  4:19  Probe  
  46  4:21  Gateway  
  46  4:23  Gateway  
  47  4:27  Pylon  
  47  4:29  Gateway  
  47  4:39  Probe  
  47  4:40  Probe  
  47  4:43  Stalker  
  47  4:44  Stalker  
  53  4:51  Probe  
  54  4:55  Assimilator  
  54  4:57  Pylon  
  54  4:58  Pylon  
  54  4:59  Pylon  
  54  5:02  Protoss Ground Armor Level 1 (Chrono Boost), Protoss Ground Weapons Level 1 (Chrono Boost)  
  54  5:17  Stalker x2  
  58  5:22  Probe x2  
  58  5:23  Pylon  
  58  5:27  Stalker  
  58  5:28  Stalker x2  
  66  5:34  Probe  
  67  5:48  Stalker x3  
  67  5:49  Warp Prism  
  75  6:13  Stalker x4  
  75  6:14  Stalker x2  
  85  7:09  Stalker x4  
  85  7:10  Protoss Ground Weapons Level 2 (Chrono Boost)  
  93  7:23  Protoss Ground Armor Level 2 (Chrono Boost)  
  93  7:26  Nexus  
  93  7:29  Nexus  
  93  7:32  Pylon  
  93  7:34  Pylon  
  93  7:37  Assimilator  
  93  7:39  Photon Cannon  
  93  7:40  Gateway x2  
  93  7:43  Assimilator  
  93  7:45  Photon Cannon  
  93  7:46  Pylon  
  93  7:48  Pylon  
  93  8:01  Stalker x6  
  105  8:15  Charge  
  105  8:27  Templar Archives  
  105  8:28  Probe x2  
  105  8:31  Dark Shrine  
  107  8:40  Probe  
  106  9:00  Stalker x4  
  106  9:01  Stalker x2  
  112  9:10  Probe x2  
  114  9:23  Photon Cannon, Probe (Chrono Boost)  
  116  9:24  Probe (Chrono Boost)  
  116  9:25  Probe (Chrono Boost)  
  116  9:27  Photon Cannon  
  119  9:34  Probe (Chrono Boost)  
  119  9:35  Probe x2 (Chrono Boost)  
  119  9:36  Probe x2  
  122  9:39  Probe  
  122  9:40  High Templar x6  
  135  9:48  Probe  
  135  9:51  Archon x2  
  135  9:52  Archon  
  134  10:05  Dark Templar x2  
Show
View Real Time Build Order
Export as new Build Order

Psykadelic Zerg - Winner!

Build Orders: Pool First 

Get SALT Encoding   

  12  0:01  Drone  
  13  0:16  Overlord  
  14  0:21  Drone  
  14  0:38  Spawning Pool  
  14  0:39  Drone  
  14  0:42  Extractor  
  13  0:45  Drone  
  14  0:53  Drone  
  15  0:57  Drone  
  15  1:03  Drone  
  17  1:16  Overlord  
  17  1:25  Queen  
  19  1:28  Drone  
  20  1:38  Drone  
  21  1:52  Hatchery  
  20  1:56  Drone  
  20  2:00  Metabolic Boost  
  21  2:12  Drone  
  21  2:14  Extractor  
  21  2:16  Drone  
  22  2:25  Lair  
  22  2:27  Drone  
  22  2:29  Drone  
  24  2:39  Drone x3  
  24  2:43  Zergling x2  
  28  2:48  Spore Crawler  
  27  2:53  Spore Crawler  
  27  2:54  Drone  
  27  3:04  Overlord  
  27  3:06  Drone  
  28  3:14  Drone x3  
  28  3:16  Drone  
  32  3:24  Drone  
  33  3:27  Overlord  
  33  3:38  Spire  
  33  3:40  Drone  
  33  3:50  Drone x2  
  35  4:02  Hatchery  
  35  4:06  Drone x2  
  35  4:09  Drone x2  
  38  4:12  Extractor  
  38  4:16  Drone x2, Extractor  
  38  4:18  Drone  
  39  4:27  Drone  
  39  4:28  Drone  
  39  4:29  Drone  
  42  4:31  Overlord  
  42  4:40  Drone  
  42  4:43  Drone  
  44  4:50  Zerg Flyer Weapons Level 1  
  44  4:53  Queen  
  44  4:54  Drone  
  44  4:55  Drone  
  48  5:06  Hatchery  
  47  5:08  Mutalisk  
  47  5:10  Mutalisk  
  47  5:13  Overlord  
  51  5:15  Drone  
  51  5:18  Drone  
  51  5:20  Overseer  
  53  5:23  Overlord  
  53  5:28  Mutalisk  
  53  5:30  Mutalisk  
  53  5:33  Drone  
  58  5:39  Drone  
  58  5:40  Drone x3  
  58  5:42  Overlord  
  62  5:51  Mutalisk  
  62  5:53  Mutalisk  
  66  6:00  Mutalisk  
  66  6:01  Mutalisk  
  70  6:06  Mutalisk  
  70  6:07  Mutalisk  
  74  6:20  Mutalisk x2  
  74  6:22  Overlord x2  
  74  6:24  Overlord  
  78  6:25  Extractor  
  78  6:29  Mutalisk  
  78  6:30  Extractor  
  78  6:37  Drone x2  
  78  6:38  Drone  
  78  6:39  Drone x3  
  84  6:40  Overlord  
  84  6:41  Overlord  
  84  6:44  Zerg Flyer Armor Level 1  
  84  6:49  Mutalisk x2  
  88  6:55  Mutalisk  
  90  7:02  Drone x3  
  93  7:12  Mutalisk x2  
  97  7:21  Extractor  
  96  7:23  Extractor  
  96  7:29  Mutalisk x3  
  101  7:43  Mutalisk  
  101  7:44  Mutalisk  
  101  7:58  Mutalisk  
  101  7:59  Mutalisk x2  
  107  8:06  Mutalisk  
  107  8:08  Overlord x4  
  109  8:14  Mutalisk  
  109  8:15  Overlord x4  
  109  8:28  Mutalisk x3  
  115  8:44  Mutalisk x2  
  119  8:56  Zergling x2  
  119  8:57  Zergling x20  
  130  9:08  Mutalisk x2  
  133  9:25  Mutalisk x3  
  139  9:31  Mutalisk  
Tags
 
Add a new tag
Caveats
  • Supply blocks, unpowered buildings, or Contaminate may cause inaccurate times.
  • Supply counts are checked every 10 seconds.